 Dungeon Crawl Stone Soup version 0.26-a0-597-gb535b0901c (webtiles) character file.

Game seed: 12225156136328113960

63 Lanoc the Vandal (level 4, -1/30 HPs)
             Began as a Halfling Hunter on Sept 3, 2020.
             Killed from afar by Natasha (9 damage)
             ... with a magic dart
             ... on level 3 of the Dungeon.
             The game lasted 00:01:30 (697 turns).

Lanoc the Vandal (Halfling Hunter)                   Turns: 697, Time: 00:01:31

Health: -1/30      AC:  3    Str: 13    XL:     4   Next: 31%
Magic:  4/4        EV: 15    Int:  9    God:
Gold:   107        SH:  0    Dex: 15    Spells: 3/3 levels left

rFire    . . .     SeeInvis .   a - +1 hunting sling
rCold    . . .     Faith    .   (shield restricted)
rNeg     . . .     Spirit   .   c - +0 leather armour
rPois    .         Reflect  .   (no helmet)
rElec    .         Harm     .   (no cloak)
rCorr    .                      (no gloves)
MR       .....                  (no boots)
Stlth    ++........             (no amulet)
HPRegen  0.10/turn              (no ring)
MPRegen  0.09/turn              (no ring)

@: slowed, very slow
A: small, mutation resistance 1
a: no special abilities


You were on level 3 of the Dungeon.
You visited 1 branch of the dungeon, and saw 3 of its levels.

You collected 107 gold pieces.

Inventory:

Hand Weapons
 a - a +1 hunting sling (weapon)
 b - a +0 short sword
Missiles
 d - 60 sling bullets (quivered)
 f - 31 stones
Armour
 c - a +0 leather armour (worn)
Wands
 k - a wand of paralysis (11)
Scrolls
 e - 3 scrolls of enchant weapon {unknown}
 h - a scroll of immolation {unknown}
 j - 2 scrolls of identify {unknown}
Potions
 g - 2 potions of might {unknown}
 i - 2 potions of curing {unknown}


   Skills:
 + Level 2.4 Fighting
 * Level 7.0 Slings
 + Level 3.0 Dodging
 - Level 1.1 Stealth


You had 3 spell levels left.
You didn't know any spells.
Your spell library was empty.

Dungeon Overview and Level Annotations

Branches:
Dungeon (3/15)

Altars:

Annotations:
D:3 Natasha


Innate Abilities, Weirdness & Mutations

You are small and have problems with some larger weapons.
You are somewhat resistant to further mutation.


Message History

The dart slug launches a dart at you. The slug dart hits you.
* * * LOW HITPOINT WARNING * * *
Firing (i - inventory. (/) - cycle)
d - 62 sling bullets (quivered)
Press: ? - help, Shift-Dir - straight line, f/p - Natasha
Aim: Natasha (heavily wounded)
You shoot a sling bullet. The sling bullet hits Natasha.
Natasha is almost dead.
The bat closely misses you. x2; Natasha completely misses you.
The dart slug barely misses you.
Firing (i - inventory. (/) - cycle)
d - 61 sling bullets (quivered)
Press: ? - help, Shift-Dir - straight line, f/p - Natasha
Aim: Natasha (almost dead)
You shoot a sling bullet. The sling bullet barely misses Natasha.
The bat completely misses you.
Natasha howls an incantation.
You feel disoriented. Natasha casts a spell at you. The magic dart hits you!
You die...

# (#... . .(....(
#. #..(.. #.
#(.#.###.
###.##..#.....
..#...5(.......
......5hw...#
.......@.b..#
.#..#.##....#
#..#.##....##.. .
#.#.##........
..##...##....#...
.................
####...#.........
.................
####.........#.##
#


You could see an iron imp (summoned), Natasha, a shadow imp (summoned), a dart
slug and a bat.

Vanquished Creatures
  2 adders (D:3)
  An ooze (D:1)
  A worm (D:3)
  2 dart slugs (D:1)
  A leopard gecko (D:3)
  2 giant cockroaches
  6 goblins
  2 hobgoblins (D:1)
  2 jackals (D:3)
  3 bats
  3 frilled lizards
  4 kobolds (D:1)
  4 rats
33 creatures vanquished.

Notes
Turn   | Place    | Note
-------+----------+-------------------------------------------
     0 | D:1      | Lanoc the Halfling Hunter began the quest for the Orb.
     0 | D:1      | Reached XP level 1. HP: 14/14 MP: 1/1
    46 | D:1      | Reached skill level 6 in Slings
    49 | D:1      | Reached XP level 2. HP: 17/19 MP: 2/2
   213 | D:1      | Reached XP level 3. HP: 24/24 MP: 3/3
   529 | D:3      | Reached XP level 4. HP: 30/30 MP: 4/4
   629 | D:3      | Reached skill level 7 in Slings
   682 | D:3      | Noticed Natasha
   697 | D:3      | Killed from afar by Natasha

Illustrated notes

Levels and vault maps discovered:
D:1:      lightli_arrival_statue_moat, layout_basic, minmay_cut_off
D:2:      layout_basic
D:3:      layout_basic, nicolae_overflow_crystal_walls,
          minmay_goblin_kobold_house, uniq_natasha, uniq_crazy_yiuf_cottage

Skill      XL: |  1  2  3  4 |
---------------+-------------+-----
Slings         | 6 7 |  7.0
Fighting       | 2 |  2.4
Dodging        | 3 |  3.0
Stealth        | |  1.1

Action                   |  1- 3 |  4- 6 || total
-------------------------+-------+-------++-------
 Fire: Hunting sling     |    75 |    29 ||   104
Armor: Leather armour    |     4 |     3 ||     7
Dodge: Dodged            |    11 |    19 ||    30

Table legend: (Time is in decaauts)
 A = Elapsed time spent in this place.
 B = Non-inter-level travel time spent in this place.
 C = Inter-level travel time spent in this place.
 D = Time resting spent in this place.
 E = Time spent auto-exploring this place.
 F = Levels seen in this place.
 G = Mean time per level.
                   A        B        C        D        E       F      G
               +--------+--------+--------+--------+--------+-----+--------+
         Total |    686 |    679 |      7 |      0 |    517 |   3 |  228.7 |
       Dungeon |    686 |    679 |      7 |      0 |    517 |   3 |  228.7 |
               +--------+--------+--------+--------+--------+-----+--------+

Top non-repeatable levels by time:
     D:3: 239 daAuts
     D:1: 231 daAuts
     D:2: 215 daAuts
